 Dungeon Crawl Stone Soup version 0.22.1-1-ga44c0e56f4 (webtiles) character file.

39780 Nygeryga the Protected (level 13, -15/124 HPs)
             Began as a Minotaur Berserker on Oct 14, 2018.
             Was a High Priest of Trog.
             Demolished by a sun demon (18 damage)
             ... summoned by a deep elf mage
             ... on level 15 of the Dungeon on Oct 21, 2018.
             The game lasted 01:04:49 (18608 turns).

Nygeryga the Protected (Minotaur Berserker)        Turns: 18608, Time: 01:04:52

Health: -15/124    AC: 17    Str: 31    XL:     13   Next: 71%
Magic:  0/10       EV: 15    Int:  4    God:    Trog [*****.]
Gold:   794        SH:  0    Dex: 10    Spells: 12/12 levels left

rFire    . . .     SeeInvis .   L - +1 dire flail (drain)
rCold    . . .     Gourm    .   (shield currently unavailable)
rNeg     . . .     Faith    .   p - +3 chain mail
rPois    +         Spirit   +   (helmet restricted)
rElec    .         Reflect  .   O - scarf {repulsion}
rCorr    .         Harm     .   b - +0 pair of gloves
MR       .....                  (no boots)
Stlth    ..........             x - amulet of guardian spirit
HPRegen  0.30/turn              U - +4 ring of strength
MPRegen  0.12/turn              v - ring of poison resistance

@: berserk cooldown, slowed, drained, repel missiles, very slow
A: retaliatory headbutt, horns 2, low mp 1, screaming 1, MP-powered wands
a: Berserk, Trog's Hand, Brothers in Arms, Renounce Religion


You were on level 15 of the Dungeon.
You worshipped Trog.
Trog was extremely pleased with you.
You were hungry.

You visited 1 branch of the dungeon, and saw 15 of its levels.

You collected 1194 gold pieces.
You spent 400 gold pieces at shops.

Inventory:

Hand Weapons
 L - a +1 dire flail of draining (weapon)
Armour
 b - a +0 pair of gloves (worn)
 p - a +3 chain mail (worn)
 O - a scarf of repulsion (worn)
Jewellery
 v - a ring of poison resistance (right hand)
 x - an amulet of guardian spirit (around neck)
 y - an uncursed ring of positive energy
 H - the ring of the Last Souls {Ice Str+3 Int+6 Dex-4}
   (You found it on level 14 of the Dungeon)

   [ring of ice]

   It enhances your ice magic.
   It affects your strength (+3).
   It affects your intelligence (+6).
   It affects your dexterity (-4).
   It makes you vulnerable to fire.
   It protects you from cold.
 I - an uncursed ring of protection from fire
 M - an uncursed ring of ice
 U - a +4 ring of strength (left hand)
Wands
 l - a wand of iceblast (9)
 q - a wand of random effects (41)
 r - a wand of clouds (7)
 w - a wand of digging (12)
 J - a wand of polymorph (13)
 R - a wand of flame (24)
 Y - a wand of enslavement (16)
Scrolls
 a - 3 scrolls of fear
 d - 6 scrolls of enchant armour
 e - 9 scrolls of identify
 f - 6 scrolls of magic mapping
 i - 4 scrolls of amnesia
 m - a scroll of fog
 n - a scroll of immolation {unknown}
 o - 8 scrolls of remove curse
 z - a scroll of holy word {unknown}
 G - a scroll of teleportation
 P - 2 scrolls of silence {unknown}
 S - 4 scrolls of vulnerability {unknown}
 T - a scroll of noise {unknown}
 X - a scroll of enchant weapon {unknown}
 Z - 3 scrolls of blinking
Potions
 g - a potion of resistance
 h - 6 potions of might
 j - 8 potions of curing
 k - 4 potions of agility
 s - 5 potions of mutation
 t - 2 potions of magic {unknown}
 A - a potion of ambrosia {unknown}
 B - 3 potions of berserk rage
 C - 3 potions of haste
 E - a potion of degeneration
 F - a potion of cancellation
 K - 3 potions of flight
 N - 6 potions of heal wounds
 W - a potion of brilliance {unknown}
Comestibles
 c - 24 rations


   Skills:
 - Level 14.1(13.4) Fighting
 - Level 14.1(13.4) Maces & Flails
 + Level 14.5(13.8) Armour
 + Level 13.4(12.8) Dodging


You had 12 spell levels left.
You didn't know any spells.
Your spell library was empty.

Dungeon Overview and Level Annotations

Branches:
Dungeon (15/15)            Temple (0/1) D:7            Lair (0/6) D:9
    Orc (0/2) D:12         Vaults (0/5) D:13         Depths (0/5) D:15

Altars:
Ashenzari
Cheibriados
Gozag
Hepliaklqana

Shops:
D:11 *

Annotations:
D:6 3 runed doors, Venard's ghost, novice MfSk


Innate Abilities, Weirdness & Mutations

You reflexively headbutt those who attack you in melee.
You have a pair of horns on your head.
Your magical capacity is low. (-10% MP)
You occasionally shout uncontrollably at your foes.
You expend magic power (3 MP) to strengthen your wands.


Message History

The sun demon closely misses you.
The gargoyle hits your ogre with a flail!
The redback completely misses you.
Your ogre barely misses the deep elf mage.
Your ogre hits the hell rat with a giant club!!
The hell rat dies!
The hell rat's corpse disappears in a puff of smoke!
The jumping spider leaps!
The hell rat bites you but does no damage.
The gargoyle barely misses your ogre. The redback bites you!
* * * LOW HITPOINT WARNING * * *
The sun demon barely misses you. The bullfrog misses you.
You're too confused to move!
You feel less confused.
The redback bites you but does no damage.
The bullfrog closely misses you. You furiously retaliate!
You headbutt the bullfrog. The sun demon hits you.
* * * LOW HITPOINT WARNING * * *
You are engulfed in flames!!
You die...

#.......)..)......<#....
#......)...###...###..#.
####...##### ##### #####
#...# #...# ##...##
#.....# #.....# #..rF@#
#...s3# #...Os# #.s..e#
#.....## #....9.#
#......# ###....# #....#


You could see a sun demon, a deep elf mage, a jumping spider, a tarantella, a
redback, a gargoyle, a bullfrog, a hell rat and a friendly ogre (berserk).

Vanquished Creatures
  An emperor scorpion (D:15)
  3 slime creatures (D:15)
  A dire elephant (D:15)
  A yaktaur captain (D:13)
  3 hydras
  3 centaur warriors
  5 two-headed ogres
  A tengu warrior (D:15)
  Urug (D:10)
  An unseen horror (D:13)
  A wolf spider zombie (D:14)
  A deep elf mage (D:15)
  3 ugly things
  3 cyclopes
  2 centaur zombies
  4 manticores
  2 gargoyles
  3 kobold demonologists
  A freezing wraith (D:14)
  3 yaktaurs
  A jumping spider (shapeshifter) (D:13)
  6 meliai
  A troll (D:10)
  Prince Ribbit (D:5)
  2 hippogriffs
  A hornet (D:11)
  An air elemental (D:12)
  A centaur simulacrum (D:14)
  Sigmund (D:5)
  A water elemental (D:14)
  10 yaks
  2 vampires
  2 wraiths
  Grum (D:8)
  A fire elemental (D:12)
  3 hungry ghosts
  Eustachio (D:5)
  3 basilisks
  6 vampire mosquitoes
  A warg (D:12)
  A soldier ant (D:15)
  2 acid dragons
  2 porcupines (D:9)
  2 ice beasts
  5 sky beasts
  2 eyes of draining
  5 orc warriors
  2 black bears
  3 wolves (D:8)
  A necrophage (D:9)
  15 ogres
  8 centaurs
  A crocodile (D:10)
  3 big kobolds
  A wyvern zombie (D:10)
  Blork the orc (D:5)
  6 bullfrogs
  An earth elemental (D:12)
  A water moccasin zombie (D:8)
  2 scorpions
  A wyvern skeleton (D:6)
  8 wights
  4 killer bees
  2 electric eels (D:14)
  8 crimson imps
  A bullfrog zombie (D:11)
  2 quasits
  5 hounds
  5 centaur skeletons
  9 orc wizards
  9 orc priests
  2 jellies
  2 bullfrog skeletons
  6 iguanas
  Ijyb (D:3)
  7 worker ants
  2 hound skeletons
  3 worker ant zombies
  14 adders
  5 shadow imps
  2 oozes
  An adder skeleton (D:5)
  A worm (D:3)
  3 dart slugs
  9 leopard geckos
  37 orcs
  5 giant cockroaches
  9 goblins
  3 hobgoblins (D:2)
  11 jackals
  2 quokkas (D:2)
  3 ball pythons
  8 bats
  A frilled lizard (D:2)
  29 kobolds
  7 rats
  A fungus (D:9)
  4 plants (D:9)
385 creatures vanquished.

Vanquished Creatures (collateral kills)
  A two-headed ogre (D:13)
  An ogre mage (D:13)
  5 killer bees (D:13)
7 creatures vanquished.

Vanquished Creatures (others)
  A water elemental (D:12)
  An orc wizard (D:10)
  2 fungi (D:9)
4 creatures vanquished.

Grand Total: 396 creatures vanquished

Notes
Turn   | Place    | Note
-------+----------+-------------------------------------------
     0 | D:1      | Nygeryga the Minotaur Berserker began the quest for the
                  | Orb.
     0 | D:1      | Reached XP level 1. HP: 19/19 MP: 0/0
   102 | D:1      | Reached XP level 2. HP: 26/27 MP: 1/1
   849 | D:2      | Reached XP level 3. HP: 25/34 MP: 2/2
   865 | D:2      | Reached ** piety under Trog
  1331 | D:2      | Reached XP level 4. HP: 40/41 MP: 3/3
  1475 | D:2      | Reached skill level 5 in Maces & Flails
  1547 | D:2      | Reached skill level 5 in Fighting
  1903 | D:3      | Found a hazy altar of Hepliaklqana.
  2042 | D:3      | Found a snail-covered altar of Cheibriados.
  2195 | D:3      | Noticed Ijyb
  2206 | D:3      | Killed Ijyb
  2206 | D:3      | Reached *** piety under Trog
  2206 | D:3      | Reached XP level 5. HP: 45/48 MP: 4/4
  2959 | D:5      | Entered Level 5 of the Dungeon
  3000 | D:5      | Noticed Sigmund
  3008 | D:5      | Killed Sigmund
  3008 | D:5      | Reached XP level 6. HP: 58/58 MP: 5/5
  3106 | D:5      | Reached XP level 7. HP: 56/66 MP: 6/6
  3410 | D:5      | Noticed Prince Ribbit
  3436 | D:5      | Killed Prince Ribbit
  3717 | D:5      | Noticed Eustachio
  3730 | D:5      | Killed Eustachio
  3735 | D:5      | Reached XP level 8. HP: 54/75 MP: 7/7
  3883 | D:5      | Noticed Blork the orc
  3892 | D:5      | Killed Blork the orc
  5132 | D:6      | Found a runed gate.
  5133 | D:6      | Found a runed gate.
  5134 | D:6      | Found a runed gate.
  5136 | D:6      | Noticed Venard's ghost (novice MfSk)
  5735 | D:7      | Reached skill level 10 in Fighting
  5735 | D:7      | Reached skill level 10 in Maces & Flails
  5792 | D:7      | Reached **** piety under Trog
  5792 | D:7      | Reached XP level 9. HP: 86/86 MP: 8/8
  6021 | D:7      | Found a staircase to the Ecumenical Temple.
  6606 | D:5      | Gained mutation: Your magical capacity is low. (-10% MP)
                  | [potion of mutation]
  6606 | D:5      | Gained mutation: You occasionally shout uncontrollably at
                  | your foes. [potion of mutation]
  6606 | D:5      | Gained mutation: You expend magic power (3 MP) to
                  | strengthen your wands. [potion of mutation]
  6608 | D:5      | Reached XP level 10. HP: 103/103 MP: 8/8
  6957 | D:8      | Noticed a two-headed ogre
  6958 | D:8      | Noticed Grum
  6968 | D:8      | Killed a two-headed ogre
  6973 | D:8      | Killed Grum
  7715 | D:9      | Found an opulent altar of Gozag.
  7871 | D:9      | Reached skill level 5 in Armour
  7875 | D:9      | Reached XP level 11. HP: 106/110 MP: 8/8
  7931 | D:9      | Found a staircase to the Lair.
  7946 | D:9      | Found a flagged portal.
  8029 | D:9      | Reached ***** piety under Trog
  8356 | D:9      | Found a staircase to the Lair.
  8398 | D:9      | Found an opulent altar of Gozag.
  8408 | D:9      | Reached skill level 5 in Dodging
  8752 | D:10     | Entered Level 10 of the Dungeon
  8781 | D:10     | Noticed a centaur warrior
  8806 | D:10     | Killed a centaur warrior
  9139 | D:10     | Noticed a two-headed ogre
  9153 | D:10     | Killed a two-headed ogre
  9355 | D:10     | Noticed Urug
  9367 | D:10     | Killed Urug
 10619 | D:11     | Noticed a seven-headed hydra
 10628 | D:11     | Killed a seven-headed hydra
 10895 | D:11     | Found Raodum's Assorted Antiques.
 10936 | D:11     | Noticed a two-headed ogre
 10939 | D:11     | Killed a two-headed ogre
 11194 | D:11     | Reached XP level 12. HP: 115/117 MP: 9/9
 11299 | D:11     | Reached skill level 10 in Armour
 11473 | D:12     | Found a staircase to the Orcish Mines.
 11486 | D:12     | Received a gift from Trog
 11542 | D:12     | Got a faintly glowing morningstar {god gift}
 11739 | D:12     | Found a large runed door.
 11740 | D:12     | Found a large runed door.
 12325 | D:13     | Reached skill level 10 in Dodging
 12842 | D:13     | Noticed an ogre mage
 12842 | D:13     | Noticed a two-headed ogre
 12846 | D:13     | Noticed a two-headed ogre
 12858 | D:13     | Killed a two-headed ogre
 12862 | D:13     | Killed an ogre mage
 12865 | D:13     | Killed a two-headed ogre
 13552 | D:13     | Noticed a centaur warrior
 13558 | D:13     | Noticed a yaktaur captain
 13589 | D:13     | Killed a centaur warrior
 13594 | D:13     | Killed a yaktaur captain
 14809 | D:13     | Found a gate to the Vaults.
 15020 | D:13     | Noticed a two-headed ogre
 15027 | D:13     | Killed a two-headed ogre
 15183 | D:14     | Noticed a five-headed hydra
 15192 | D:14     | Killed a five-headed hydra
 15486 | D:14     | Noticed a seven-headed hydra
 15497 | D:14     | Killed a seven-headed hydra
 15497 | D:14     | Reached XP level 13. HP: 108/124 MP: 8/10
 16257 | D:11     | Bought a scroll of remove curse for 75 gold pieces
 16257 | D:11     | Bought 2 potions of curing for 150 gold pieces
 16257 | D:11     | Bought a potion of might for 100 gold pieces
 16257 | D:11     | Bought a scroll of teleportation for 75 gold pieces
 16503 | D:14     | Got a scorched turquoise ring
 16985 | D:14     | Received a gift from Trog
 17113 | D:15     | Entered Level 15 of the Dungeon
 17157 | D:15     | Got an ancient chain mail
 17173 | D:15     | Identified the +0 chain mail "Fivaah" {rF+} (You found it
                  | on level 15 of the Dungeon)
 17346 | D:15     | Found a staircase to the Depths.
 17346 | D:15     | Noticed a dire elephant
 17347 | D:15     | Noticed an emperor scorpion
 17373 | D:15     | Killed an emperor scorpion
 17381 | D:15     | Killed a dire elephant
 18203 | D:15     | Identified the ring of the Last Souls {Ice Str+3 Int+6
                  | Dex-4} (You found it on level 14 of the Dungeon)
 18399 | D:15     | Found a shattered altar of Ashenzari.
 18608 | D:15     | HP: 3/124 [sun demon[a deep elf mage] (5)]
 18608 | D:15     | Demolished by a sun demon

Skill      XL: |  1  2  3  4  5  6  7  8  9 10 11 12 13 |
---------------+----------------------------------------+-----
Fighting       | 4 5 6 7 8 10 14 | 14.1
Maces & Flails | 4 5 6 7 8 10 14 | 14.1
Armour         | 5 9 12 14 | 14.5
Dodging        | 4 9 11 13 | 13.4

Action                   |  1- 3 |  4- 6 |  7- 9 | 10-12 | 13-15 || total
-------------------------+-------+-------+-------+-------+-------++-------
Melee: Mace              |    78 |   108 |   111 |       |       ||   297
       Headbutt          |    11 |    16 |    35 |   121 |    49 ||   232
       Morningstar       |       |       |    78 |   103 |       ||   181
       Dire flail        |       |       |    11 |   449 |   217 ||   677
Invok: Berserk           |       |       |     3 |     2 |     4 ||     9
       Brothers in Arms  |       |       |       |     1 |     1 ||     2
       Trog's Hand       |       |       |       |     1 |       ||     1
  Use: Scroll            |       |     1 |     8 |     6 |       ||    15
       Potion            |       |       |     5 |     3 |       ||     8
  Eat: Chunk             |     1 |     6 |     6 |    12 |       ||    25
       Ration            |       |       |     2 |     6 |     4 ||    12
Armor: Animal skin       |    19 |     1 |       |       |       ||    20
       Ring mail         |       |    19 |       |       |       ||    19
       Chain mail        |       |    11 |   112 |   194 |   110 ||   427
Dodge: Dodged            |    67 |    79 |   106 |   260 |   119 ||   631
       Deflected         |       |       |       |    37 |     4 ||    41
